 Dungeon Crawl Stone Soup version 0.23.0-3-gf3c87f2 (webtiles) character file.

Game seed: 8255595530084885811

7168 misha the Protected (level 10, -11/93 HPs)
             Began as a Minotaur Fighter on Feb 22, 2019.
             Was a Follower of Uskayaw.
             Hit by a large rock thrown by a cyclops (29 damage)
             ... on level 11 of the Dungeon.
             The game lasted 00:48:59 (13683 turns).

misha the Protected (Minotaur Fighter)             Turns: 13683, Time: 00:48:59

Health: -11/93     AC:  4    Str: 23    XL:     10   Next: 86%
Magic:  9/9        EV: 11    Int:  7    God:    Uskayaw [*.....]
Gold:   361        SH: 13    Dex: 11    Spells: 9/9 levels left

rFire    . . .     SeeInvis .   b - +5 long sword
rCold    . . .     Gourm    .   c - +1 shield
rNeg     . . .     Faith    .   K - +0 leather armour of Free Will {MR+ Int+2 Stlth+} (curse)
rPois    .         Spirit   .   (helmet restricted)
rElec    .         Reflect  .   (no cloak)
rCorr    .         Harm     .   (no gloves)
MR       +....                  (no boots)
Stlth    ++........             o - amulet of magic regeneration
HPRegen  0.25/turn              (no ring)
MPRegen  0.36/turn              (no ring)

@: about to teleport
A: retaliatory headbutt, horns 2
a: Stomp, Renounce Religion


You were on level 11 of the Dungeon.
You worshipped Uskayaw.
Uskayaw was noncommittal.
You were very hungry.

You visited 2 branches of the dungeon, and saw 12 of its levels.

You collected 361 gold pieces.

Inventory:

Hand Weapons
 b - a +5 long sword (weapon)
 i - a +0 flail
 u - a +0 arbalest
 y - a +1 whip of electrocution
 D - a +1 scythe of flaming
 F - a +2 whip of electrocution
 G - a +1 whip of freezing
 I - the +8 scimitar of Xegiw {freeze, Str+2}
   (You found it on level 8 of the Dungeon)

   It has been specially enchanted to freeze those struck by it, causing extra
   injury to most foes and up to half again as much damage against particularly
   susceptible opponents.
   It can also slow down cold-blooded creatures.
   It affects your strength (+2).
Missiles
 t - 27 poisoned needles
 L - 7 javelins (quivered)
Armour
 c - a +1 shield (worn)
 h - a +0 scale mail
 K - the cursed +0 leather armour of Free Will (worn) {MR+ Int+2 Stlth+}
   (You found it on level 9 of the Dungeon)

   It affects your intelligence (+2).
   It affects your resistance to hostile enchantments.
   It makes you more stealthy.
   It has a curse placed upon it.
Magical Staves
 z - an uncursed staff of poison
Jewellery
 o - an amulet of magic regeneration (around neck)
 H - an uncursed amulet of the acrobat {unknown}
 M - a cursed amulet of inaccuracy {unknown}
Wands
 a - a wand of flame (20)
 E - a wand of scattershot (3)
 J - a wand of random effects (10)
 N - a wand of enslavement (7)
Scrolls
 g - 3 scrolls of enchant armour
 j - 3 scrolls of teleportation
 k - a scroll of identify
 l - 6 scrolls of remove curse
 p - 2 scrolls of fear
 A - 3 scrolls of amnesia {unknown}
 B - 3 scrolls of blinking
 C - a scroll of immolation
Potions
 d - 3 potions of might
 e - 2 potions of flight {unknown}
 m - a potion of cancellation {unknown}
 n - 2 potions of curing {unknown}
 q - 2 potions of heal wounds {unknown}
 r - 3 potions of mutation {unknown}
 s - 3 potions of degeneration {unknown}
 v - 2 potions of brilliance {unknown}
 w - 3 potions of agility
 x - 2 potions of resistance {unknown}
Comestibles
 f - 13 rations


   Skills:
 + Level 9.8 Fighting
 + Level 10.4 Maces & Flails
 + Level 11.0 Armour
 - Level 2.3 Dodging
 - Level 0.9 Stealth
 + Level 10.3 Shields


You had 9 spell levels left.
You didn't know any spells.
Your spell library contained the following spells:

 Spells                   Type           Power        Failure   Level  Hunger
 Apportation              Tloc           #.....       67%         1    ##.....
 Beastly Appendage        Tmut           #.....       67%         1    ##.....
 Corona                   Hex            #......      67%         1    ##.....
 Summon Butterflies       Summ           #.......     67%         1    ##.....
 Slow                     Hex            #.......     82%         2    ###....
 Sticks to Snakes         Tmut           #.......     82%         2    ###....
 Inner Flame              Hex/Fire       #.......     96%         3    ####...
 Lesser Beckoning         Tloc           #.........   96%         3    ####...
 Portal Projectile        Hex/Tloc       #.....       96%         3    ####...
 Spider Form              Tmut/Pois      #.........   96%         3    ####...
 Tukima's Dance           Hex            #.......     96%         3    ####...
 Cause Fear               Hex            #.........   100%        4    #####..
 Ice Form                 Ice/Tmut       #.......     100%        4    #####..
 Leda's Liquefaction      Hex/Erth       #.........   100%        4    #####..
 Alistair's Intoxication  Tmut/Pois      #.......     100%        5    ######.
 Blade Hands              Tmut           #.........   100%        5    ######.
 Invisibility             Hex            #.......     100%        6    #######


Dungeon Overview and Level Annotations

Branches:
Dungeon (11/15)            Temple (1/1) D:5             Orc (0/2) D:11
   Lair: D:8-11

Altars:
Ashenzari
Cheibriados
Dithmenos
Elyvilon
Fedhas
Gozag
Hepliaklqana
Kikubaaqudgha
Makhleb
Nemelex Xobeh
Okawaru
Qazlal
Ru
Sif Muna
Trog
Uskayaw
Vehumet
Wu Jian
Xom
Yredelemnul
Zin
The Shining One

Annotations:
D:10 Maurice
D:11 Erolcha


Innate Abilities, Weirdness & Mutations

You reflexively headbutt those who attack you in melee.
You have a pair of horns on your head.


Message History

The cyclops is too close now for your liking.
You see here a wand of paralysis (9).
The cyclops shouts!
You see here a wand of paralysis (9).
The cyclops throws a large rock.
The large rock closely misses you.
The cyclops throws a large rock.
The large rock barely misses you.
You see here 2 large rocks.
Throwing (i - inventory)
L - 8 javelins (quivered)
Press: ? - help, Shift-Dir - straight line, f - cyclops
Aim: a cyclops You throw a javelin.
The javelin hits the cyclops!
The cyclops is lightly wounded.
The cyclops throws a large rock.
The large rock hits you!!
The cyclops throws a large rock.
The large rock hits you!!!
* * * LOW HITPOINT WARNING * * *
You see here a large rock.
As you read the scroll of teleportation, it crumbles to dust.
You feel strangely unstable.
The cyclops throws a large rock.
The large rock hits you!!
You die...

######..........#
#.....(.....#
#....†C...C.#
#...).......#
#....%.^....>.
#..)..###'####
#/....# #.....#
#(..(@# #.....#
#######


You could see a cyclops.

Vanquished Creatures
  A two-headed ogre (D:11)
  Pikel (D:6)
  A centaur skeleton (D:8)
  A hornet (D:9)
  2 hippogriffs (D:8)
  Prince Ribbit (D:6)
  A wyvern (D:7)
  A wraith (D:10)
  Menkaure (D:4)
  4 vampire mosquitoes (D:8)
  A water moccasin (D:6)
  Duvessa (D:4)
  3 slaves (D:6)
  A black bear (D:8)
  2 orc warriors
  A sky beast (D:5)
  An ice beast (D:5)
  A necrophage (D:8)
  A centaur (D:7)
  4 ogres
  6 bullfrogs
  A wyvern zombie (D:6)
  Dowan (D:4)
  A scorpion (D:9)
  3 wights (D:7)
  9 howler monkeys
  3 centaur zombies
  A crimson imp (D:5)
  3 bullfrog skeletons
  A quasit (D:9)
  7 orc priests
  7 hounds
  4 jellies
  8 orc wizards
  3 iguanas
  11 worker ants
  A hound zombie (D:9)
  A hound skeleton (D:6)
  3 gnolls (D:7)
  13 adders
  A shadow imp (D:7)
  2 oozes
  2 adder skeletons
  An adder zombie (D:6)
  3 worms
  2 dart slugs (D:1)
  4 leopard geckos
  45 orcs
  2 ball pythons
  3 bats
  7 giant cockroaches
  9 goblins
  8 hobgoblins
  6 jackals
  2 quokkas
  5 frilled lizards
  2 gnoll zombies (D:5)
  7 kobolds
  A leopard gecko skeleton (D:4)
  7 rats
236 creatures vanquished.

Notes
Turn   | Place    | Note
-------+----------+-------------------------------------------
     0 | D:1      | misha the Minotaur Fighter began the quest for the Orb.
     0 | D:1      | Reached XP level 1. HP: 19/19 MP: 0/0
   196 | D:1      | Reached XP level 2. HP: 14/27 MP: 1/1
   458 | D:1      | Reached skill level 4 in Armour
   934 | D:2      | Reached XP level 3. HP: 30/33 MP: 2/2
  1498 | D:2      | Reached XP level 4. HP: 36/40 MP: 3/3
  2439 | D:3      | Found a burning altar of Makhleb.
  2634 | D:4      | Reached XP level 5. HP: 46/46 MP: 4/4
  2690 | D:4      | Found a white marble altar of Elyvilon.
  2992 | D:4      | Noticed Menkaure
  3000 | D:4      | Killed Menkaure
  3000 | D:4      | Reached skill level 5 in Armour
  3000 | D:4      | Reached skill level 1 in Dodging
  3000 | D:4      | Reached skill level 5 in Shields
  3000 | D:4      | Reached XP level 6. HP: 50/53 MP: 5/5
  3303 | D:4      | Reached skill level 5 in Maces & Flails
  3399 | D:4      | Noticed Duvessa
  3399 | D:4      | Noticed Dowan
  3443 | D:4      | Killed Duvessa
  3443 | D:4      | Reached skill level 6 in Armour
  3443 | D:4      | Reached XP level 7. HP: 42/60 MP: 6/6
  3447 | D:4      | Killed Dowan
  4005 | D:4      | Found a glowing golden altar of the Shining One.
  4111 | D:5      | Entered Level 5 of the Dungeon
  4225 | D:5      | Reached skill level 5 in Fighting
  4225 | D:5      | Reached skill level 7 in Armour
  4336 | D:5      | Found a staircase to the Ecumenical Temple.
  4480 | Temple   | Entered the Ecumenical Temple
  4543 | Temple   | Became a worshipper of Uskayaw the Reveler
  4893 | D:5      | Reached * piety under Uskayaw
  4920 | D:5      | Reached ** piety under Uskayaw
  4997 | D:5      | Reached XP level 8. HP: 20/68 MP: 7/7
  5599 | D:5      | Found a snail-covered altar of Cheibriados.
  5685 | D:5      | Found a basalt altar of Yredelemnul.
  5809 | D:6      | Found an opulent altar of Gozag.
  5869 | D:6      | Reached *** piety under Uskayaw
  5994 | D:6      | Reached skill level 8 in Armour
  6041 | D:6      | Noticed Pikel
  6051 | D:6      | Killed Pikel
  6051 | D:6      | Reached XP level 9. HP: 71/78 MP: 8/8
  6059 | D:6      | Noticed Prince Ribbit
  6065 | D:6      | Killed Prince Ribbit
  6241 | D:6      | Found an ornate altar of the Wu Jian Council.
  6865 | D:7      | Reached **** piety under Uskayaw
  6870 | D:7      | Reached skill level 9 in Armour
  8890 | D:8      | Reached XP level 10. HP: 90/90 MP: 9/9
  8894 | D:8      | Reached ***** piety under Uskayaw
  8905 | D:8      | Got a slimy scimitar
  8906 | D:8      | Identified the +8 scimitar of Xegiw {freeze, Str+2} (You
                  | found it on level 8 of the Dungeon)
  8969 | D:8      | Reached skill level 10 in Armour
  9863 | D:8      | Found a shattered altar of Ashenzari.
  9864 | D:8      | Found a bloodstained altar of Trog.
  9869 | D:8      | Found a glowing silver altar of Zin.
 10595 | D:9      | Got a translucent leather armour
 10754 | D:9      | Found a radiant altar of Vehumet.
 10754 | D:9      | Found a faded altar of an unknown god.
 10759 | D:9      | Found a hazy altar of Hepliaklqana.
 10761 | D:9      | Found a faded altar of an unknown god.
 10762 | D:9      | Found a shimmering altar of Xom.
 11225 | D:10     | Entered Level 10 of the Dungeon
 11353 | D:10     | Noticed Maurice
 11597 | D:10     | Identified the cursed +0 leather armour of Free Will {MR+
                  | Int+2 Stlth+} (You found it on level 9 of the Dungeon)
 13078 | D:11     | Reached skill level 10 in Maces & Flails
 13078 | D:11     | Reached skill level 10 in Shields
 13085 | D:11     | Noticed a two-headed ogre
 13091 | D:11     | Killed a two-headed ogre
 13153 | D:11     | Noticed Erolcha
 13173 | D:11     | HP: 2/93 [Erolcha/cursed -1 giant spiked club (20)]
 13520 | D:11     | Found a staircase to the Orcish Mines.
 13539 | D:11     | Reached skill level 11 in Armour
 13663 | D:11     | Noticed a cyclops
 13683 | D:11     | Hit by a large rock thrown by a cyclops

Skill      XL: |  1  2  3  4  5  6  7  8  9 10 |
---------------+-------------------------------+-----
Armour         | 4 5 6 7 8 9 11 | 11.0
Fighting       | 4 5 6 8 9 |  9.8
Maces & Flails | 3 4 5 6 7 9 10 | 10.4
Shields        | 4 5 6 7 9 10 | 10.3
Dodging        | 1 2 |  2.3
Stealth        | |  0.9

Action                   |  1- 3 |  4- 6 |  7- 9 | 10-12 || total
-------------------------+-------+-------+-------+-------++-------
Melee: Whip              |    78 |   102 |   365 |       ||   545
       Flail             |     3 |       |       |       ||     3
       Headbutt          |     8 |    17 |    82 |    53 ||   160
       Long sword        |       |       |    12 |    95 ||   107
       Scimitar          |       |       |       |    66 ||    66
Throw: Javelin           |       |       |       |     1 ||     1
Invok: Stomp             |       |       |     1 |       ||     1
  Use: Scroll            |       |       |     7 |     5 ||    12
       Potion            |       |       |       |     1 ||     1
 Stab: Paralysed         |       |       |     5 |     4 ||     9
  Eat: Chunk             |     1 |     6 |     3 |       ||    10
       Ration            |       |       |     5 |     5 ||    10
Armor: Scale mail        |    37 |    35 |    70 |    41 ||   183
       Leather armour    |       |       |       |    10 ||    10
Dodge: Dodged            |    23 |    25 |    62 |    68 ||   178
Block: Shield            |    36 |    52 |   179 |   143 ||   410
       Rpst.: Long sword |       |       |     1 |    10 ||    11
       Scimitar          |       |       |       |     8 ||     8
